 Dungeon Crawl Stone Soup version 0.30-a0-219-gf2db51d15e (webtiles) character file.

Game seed: 4925989607476582896

702 JustInkie the Sneak (level 7, -3/40 HPs)
             Began as a Kobold Earth Elementalist on Oct 7, 2022.
             Slain by a gnoll
             ... wielding a +0 spear
             ... led by a gnoll bouda
              (6 damage)
             ... on level 5 of the Dungeon.
             The game lasted 00:07:23 (3803 turns).

JustInkie the Sneak (Kobold Earth Elementalist)     Turns: 3803, Time: 00:07:23

Health: -3/40      AC:  2    Str:  5    XL:     7   Next: 98%
Magic:  5/15       EV: 15    Int: 19    God:
Gold:   253        SH:  0    Dex: 15    Spells: 10/16 levels left

rFire   . . .      SeeInvis .    b - staff of earth
rCold   . . .      Faith    .    (shield currently unavailable)
rNeg    . . .      Spirit   .    f - +0 robe
rPois   +          Reflect  .    (no helmet)
rElec   .          Harm     .    (no cloak)
rCorr   .          Rampage  .    (no gloves)
Will    .....                    (no boots)
Stlth   ++++......               (no amulet)
HPRegen 0.26/turn                e - ring of poison resistance
MPRegen 0.14/turn                (no ring)

@: very slightly contaminated
A: small, no large weapons, nightstalker 3
a: no special abilities


You were on level 5 of the Dungeon.
You visited 1 branch of the dungeon, and saw 5 of its levels.

You collected 253 gold pieces.

Inventory:

Hand Weapons
 a - a +1 dagger of speed
 c - a +0 dagger
Missiles
 t - 4 datura-tipped darts
 u - 7 poisoned darts
 A - a throwing net
Armour
 f - a +0 robe (worn)
Magical Staves
 b - a staff of earth (weapon)
Jewellery
 e - a ring of poison resistance (left hand)
 i - a ring of willpower
 v - a ring of protection from fire
Wands
 r - a wand of paralysis (3)
 s - a wand of iceblast (5)
Scrolls
 d - 4 scrolls of teleportation {unknown}
 h - 3 scrolls of identify {unknown}
 l - a scroll of torment {unknown}
 p - a scroll of magic mapping {unknown}
 q - 2 scrolls of vulnerability {unknown}
 x - 2 scrolls of fear {unknown}
 y - a scroll of poison {unknown}
Potions
 g - a potion of magic
 j - 2 potions of heal wounds {unknown}
 k - a potion of curing {unknown}
 m - 2 potions of flight {unknown}
 n - a potion of brilliance {unknown}
 o - 2 potions of invisibility {unknown}
 w - a potion of berserk rage {unknown}
 z - a potion of haste {unknown}


   Skills:
 + Level 2.3 Fighting
 + Level 3.7 Dodging
 - Level 6.9 Stealth
 - Level 5.3 Spellcasting
 - Level 1.0 Transmutations
 - Level 4.2 Earth Magic


You had 10 spell levels left.
You knew the following spells:

 Your Spells              Type           Power      Damage    Failure   Level
a - Sandblast             Erth           62%        2d14      2%          1
b - Stone Arrow           Conj/Erth      38%        3d9       16%         3
s - Passwall              Tmut/Erth      18%        N/A       6%          2

Your spell library contained the following spells:

 Spells                   Type           Power      Damage    Failure   Level
 Ensorcelled Hibernation  Hex/Ice        10%        N/A       19%         2
 Spider Form              Tmut/Pois      7%         N/A       28%         3
 Tukima's Dance           Hex            5%         N/A       34%         3
 Petrify                  Tmut/Erth      22%        N/A       38%         4
 Anguish                  Hex/Necr       2%         N/A       75%         4
 Passage of Golubria      Tloc           5%         N/A       75%         4
 Yara's Violent Unravell  Hex/Tmut       3%         3d4       95%         5


Dungeon Overview and Level Annotations

Branches:
Dungeon (5/15)
 Temple: D:4-7

Altars:
Cheibriados
Gozag
Hepliaklqana
Nemelex Xobeh
Okawaru
Sif Muna
Xom


Innate Abilities, Weirdness & Mutations

You are small and have problems with some larger weapons.
You are completely attuned to the shadows.


Message History

Your attacks no longer feel as feeble.
The gnoll hits you but does no damage. The gnoll closely misses you.
The gnoll hits you with a +0 club.
The gnoll hits you from afar with a +0 spear!
The gnoll hits you from afar with a +0 spear.
* * * LOW HITPOINT WARNING * * *
Okay, then.
Okay, then.
Casting: Sandblast (safe; 2% risk of failure)
Confirm with . or Enter, or press ? or * to list all spells.
Aiming: Sandblast (safe; 2% risk of failure)
Press: ? - help, Shift-Dir - straight line, f/p - gnoll
Aim: a gnoll, wielding a +0 club and wearing a +0 chain mail (covering ground quickly, 90% to hit)
You feel a surge of power!
The blast of sand hits the gnoll but does no damage.
The gnoll hits you with a +0 club.
* * * LOW HITPOINT WARNING * * *
The gnoll closely misses you. x2
Casting: Sandblast (safe; 2% risk of failure)
Confirm with . or Enter, or press ? or * to list all spells.
Aiming: Sandblast (safe; 2% risk of failure)
Press: ? - help, Shift-Dir - straight line, f/p - gnoll
Aim: a gnoll, wielding a +0 club and wearing a +0 chain mail (covering ground quickly, 90% to hit)
You feel a surge of power!
The blast of sand hits the gnoll.
The gnoll is moderately wounded.
The gnoll closely misses you. The gnoll hits you with a +0 club.
* * * LOW HITPOINT WARNING * * *
The gnoll hits you from afar with a +0 spear.
* * * LOW HITPOINT WARNING * * *
The gnoll completely misses you. The gnoll closely misses you. x2
Casting: Sandblast (safe; 2% risk of failure)
Confirm with . or Enter, or press ? or * to list all spells.
Aiming: Stone Arrow (dangerous; 16% risk of failure)
Press: ? - help, Shift-Dir - straight line, f/p - gnoll
Aim: a gnoll, wielding a +0 club and wearing a +0 chain mail (moderately wounded, covering ground quickly, 81% to hit)
You feel a surge of power!
You miscast Stone Arrow.
You are very lightly contaminated with residual magic.
Nothing appears to happen.
The gnoll hits you from afar with a +0 spear.
You die...

.........
.........
......#
#....###.
#.gg....
#..)....
..###g@....
..#........
..........
##........
..##........
..#..##....
.....###...
...
......#....
#..
.........
#..


You could see 3 gnolls.

Vanquished Creatures
  A phantom (D:5)
  2 scorpions (D:4)
  A jelly (D:4)
  2 hounds (D:5)
  A gnoll bouda (D:5)
  Natasha (twice) (D:2)
  An iguana (D:4)
  Ijyb (D:4)
  9 adders
  8 gnolls
  A worm (D:2)
  2 dart slugs
  5 orcs
  7 endoplasms
  3 giant cockroaches
  14 goblins
  6 hobgoblins
  10 jackals
  4 quokkas
  7 ball pythons
  6 bats (D:1)
  5 frilled lizards
  6 kobolds
  3 rats
107 creatures vanquished.

Vanquished Creatures (others)
  A plant (D:3)
1 creature vanquished.

Grand Total: 108 creatures vanquished

Notes
Turn   | Place    | Note
-------+----------+-------------------------------------------
     0 | D:1      | JustInkie the Kobold Earth Elementalist began the quest for
                  | the Orb.
     0 | D:1      | Reached XP level 1. HP: 10/10 MP: 3/3
   129 | D:1      | Reached XP level 2. HP: 15/15 MP: 1/5
   314 | D:1      | Found a faded altar of an unknown god.
   444 | D:1      | Reached XP level 3. HP: 19/19 MP: 2/6
   722 | D:1      | Reached XP level 4. HP: 24/24 MP: 5/8
  1105 | D:2      | Reached XP level 5. HP: 28/28 MP: 5/10
  1115 | D:2      | Noticed Natasha
  1522 | D:3      | Reached skill level 5 in Spellcasting
  1522 | D:3      | Reached XP level 6. HP: 32/32 MP: 10/13
  1714 | D:3      | Found a shimmering altar of Xom.
  2099 | D:3      | Found an iron altar of Okawaru.
  2168 | D:4      | Noticed Ijyb
  2175 | D:4      | Killed Ijyb
  2252 | D:2      | Killed Natasha
  2253 | D:2      | Reached skill level 3 in Stealth
  2313 | D:2      | Noticed Natasha
  2315 | D:2      | Killed Natasha
  2316 | D:2      | Reached skill level 4 in Stealth
  2784 | D:4      | Reached skill level 5 in Stealth
  3104 | D:4      | Reached XP level 7. HP: 36/36 MP: 13/15
  3107 | D:4      | Learned a level 2 spell: Passwall
  3111 | D:4      | Learned a level 3 spell: Stone Arrow
  3432 | D:4      | Reached skill level 6 in Stealth
  3538 | D:5      | Entered Level 5 of the Dungeon
  3593 | D:5      | Found a snail-covered altar of Cheibriados.
  3595 | D:5      | Found a shimmering blue altar of Sif Muna.
  3597 | D:5      | Found an opulent altar of Gozag.
  3605 | D:5      | Found a hazy altar of Hepliaklqana.
  3610 | D:5      | Found a sparkling altar of Nemelex Xobeh.
  3677 | D:5      | Reached skill level 1 in Fighting
  3803 | D:5      | Slain by a gnoll

Illustrated notes

Levels and vault maps discovered:
D:1:      heliophobic_arrival_battle_scene, layout_basic,
          dilly_ecumenical_altar_fadedgnrine
D:2:      layout_basic, minmay_split_cup_small, uniq_natasha
D:3:      layout_loops_corners, lemuel_tele_altar, overflow_temple_1_default,
          saegor_snake_ambush
D:4:      layout_gridville, roderic_roman_lattice, uniq_ijyb
D:5:      layout_cave_pools, grunt_temple_overflow_open, lightli_temple_of_fire,
          old_standard_altar, hex_medium

Skill      XL: |  1  2  3  4  5  6  7 |
---------------+----------------------+-----
Earth Magic    | 4 |  4.2
Spellcasting   | 3 5 |  5.3
Stealth        | 5 6 |  6.9
Fighting       | 2 |  2.3
Dodging        | 3 |  3.7
Transmutations | |  1.0

Action                   |  1- 3 |  4- 6 |  7- 9 || total
-------------------------+-------+-------+-------++-------
Melee: Unarmed           |     6 |       |       ||     6
       Dagger            |    36 |       |       ||    36
 Cast: Sandblast         |    33 |    83 |    34 ||   150
 Stab: Sleeping          |     7 |       |       ||     7
Armor: Robe              |     2 |     2 |     1 ||     5
Dodge: Dodged            |    35 |    22 |    12 ||    69

Table legend: (Time is in decaauts)
 A = Elapsed time spent in this place.
 B = Non-inter-level travel time spent in this place.
 C = Inter-level travel time spent in this place.
 D = Time resting spent in this place.
 E = Time spent auto-exploring this place.
 F = Levels seen in this place.
 G = Mean time per level.
                   A        B        C        D        E       F      G
               +--------+--------+--------+--------+--------+-----+--------+
         Total |   3892 |   3785 |    107 |    179 |   2946 |   5 |  778.4 |
       Dungeon |   3892 |   3785 |    107 |    179 |   2946 |   5 |  778.4 |
               +--------+--------+--------+--------+--------+-----+--------+

Top non-repeatable levels by time:
     D:3: 1098 daAuts
     D:4: 931 daAuts
     D:1: 881 daAuts
     D:2: 704 daAuts
     D:5: 276 daAuts
